 Dungeon Crawl Stone Soup version 0.22-a0-346-ga7143740d5 (webtiles) character file.

1750583 MummyMadness the Marksgnoll (level 27, 218/218 HPs)
             Began as a Gnoll Hunter on Apr 5, 2018.
             Was a Follower of Uskayaw.
             Escaped with the Orb
             ... and 3 runes on Apr 6, 2018!
             The game lasted 03:32:13 (64321 turns).

MummyMadness the Marksgnoll (Gnoll Hunter)         Turns: 64321, Time: 03:32:14

Health: 218/218    AC: 45    Str: 17    XL:     27
Magic:  53/53      EV: 12    Int: 19    God:    Uskayaw [*.....]
Gold:   2302       SH:  4    Dex: 19    Spells: 22/61 levels left

rFire    + . .     SeeInvis .   a - +9 longbow (velocity)
rCold    + . .     Gourm    .   (shield currently unavailable)
rNeg     + . .     Faith    .   C - +4 gold dragon scales
rPois    +         Spirit   .   t - +0 Maxwell's etheric cage {RegenMP+ *Contam rElec MP+4}
rElec    +         Reflect  +   M - +4 dragonskin cloak
rCorr    .         Harm     .   V - +2 pair of gloves {archery}
MR       +++..                  o - +2 pair of boots {run}
Stlth    ..........             l - +4 amulet of reflection
HPRegen  1.26/turn              L - +3 ring of protection MPRegen 0.83/turn*
                                R - ring "Pyseluf" {+Blink rElec rPois MR+}

@: hasted, very quick
A: distributed training, fangs 1, icy blue scales 1, high mp 1, mutation
resistance 1, regeneration 2, screaming 1, weak 1, no potion heal 1, strong nose
0: Orb of Zot
}: 3/15 runes: serpentine, barnacled, silver
a: Stomp, Renounce Religion, Evoke Blink


You escaped.
You worshipped Uskayaw.
Uskayaw was most pleased with you.
You were very full.

You visited 10 branches of the dungeon, and saw 48 of its levels.
You visited the Abyss 2 times.

You collected 5891 gold pieces.
You spent 3589 gold pieces at shops.


Innate Abilities, Weirdness & Mutations

Your experience applies equally to all skills.
You have very sharp teeth.
Your uncanny sense of smell can sniff out nearby items.
You are partially covered in icy blue scales. (AC +2)
You have an increased reservoir of magic. (+10% MP)
You are somewhat resistant to further mutation.
You heal very quickly.
You occasionally shout uncontrollably at your foes.
You are weak. (Str -2)
Potions are less effective at restoring your health.


   Skills:
 + Level 18.2 Fighting
 + Level 17.7 Short Blades
 + Level 17.7 Long Blades
 + Level 17.7 Axes
 + Level 17.7 Maces & Flails
 + Level 17.7 Polearms
 + Level 17.7 Staves
 + Level 17.7 Slings
 + Level 19.1 Bows
 + Level 17.7 Crossbows
 + Level 17.7 Throwing
 + Level 17.7 Armour
 + Level 18.2 Dodging
 + Level 17.9 Stealth
 + Level 17.7 Shields
 + Level 17.7 Unarmed Combat
 + Level 17.7 Spellcasting
 + Level 15.3 Conjurations
 + Level 15.3 Hexes
 + Level 15.3 Charms
 + Level 15.3 Summonings
 + Level 15.3 Necromancy
 + Level 15.3 Translocations
 + Level 15.3 Transmutations
 + Level 15.3 Fire Magic
 + Level 15.3 Ice Magic
 + Level 15.3 Air Magic
 + Level 15.3 Earth Magic
 + Level 15.3 Poison Magic
 + Level 19.1 Invocations
 + Level 17.7 Evocations


You had 22 spell levels left.
You knew the following spells:

 Your Spells              Type           Power        Failure   Level  Hunger
c - Conjure Flame         Conj/Fire      ######..     1%          3    None
d - Animate Dead          Necr           N/A          3%          4    None
e - Regeneration          Chrm/Necr      ######....   1%          3    None
i - Song of Slaying       Chrm           ######..     1%          2    None
l - Lee's Rapid Deconstr  Erth           ######....   11%         5    ###....
m - Mephitic Cloud        Conj/Pois/Air  ######..     1%          3    None
o - Portal Projectile     Hex/Tloc       ######       1%          3    None
v - Invisibility          Hex            ######..     50%         6    #####..
w - Spectral Weapon       Hex/Chrm       ######..     1%          3    None
I - Blink                 Tloc           N/A          1%          2    None
X - Borgnjor's Vile Clut  Necr/Erth      ######....   11%         5    ###....

Inventory:

Hand Weapons
 a - a +9 longbow of velocity (weapon)
Missiles
 d - 1012 arrows (quivered)
Armour
 o - a +2 pair of boots of running (worn)
 t - the +0 Maxwell's etheric cage (worn) {RegenMP+ *Contam rElec MP+4}
   (You acquired it on level 6 of the Lair of Beasts)

   It insulates you from electricity.
   It affects your magic capacity (+4).
   It causes magical contamination when unequipped.
 C - +4 gold dragon scales (worn)
 M - the +4 dragonskin cloak (worn)
   (You took it off Tiamat on level 3 of the Realm of Zot)
 V - a +2 pair of gloves of archery (worn)
Jewellery
 l - a +4 amulet of reflection (around neck)
 F - an uncursed ring of protection from fire
 L - a +3 ring of protection (left hand)
 R - the ring "Pyseluf" (right hand) {+Blink rElec rPois MR+}
   (You found it on level 2 of the Realm of Zot)

   [ring of protection from magic]

   It insulates you from electricity.
   It protects you from poison.
   It affects your resistance to hostile enchantments.
   It lets you blink.
Wands
 x - a wand of acid (20)
 y - a wand of paralysis (29)
 B - a wand of digging (18)
 N - a wand of iceblast (27)
 T - a wand of enslavement (54)
 X - a wand of scattershot (6)
Scrolls
 e - 10 scrolls of amnesia
 g - 14 scrolls of identify {@r1}
 i - a scroll of holy word
 k - 7 scrolls of immolation {!r}
 m - 19 scrolls of remove curse {@r2}
 p - 10 scrolls of blinking
 A - a scroll of enchant armour
 D - 14 scrolls of teleportation {@r4}
 E - 4 scrolls of vulnerability {!r}
 G - 9 scrolls of fear
 U - 2 scrolls of magic mapping
 Y - a scroll of fog
Potions
 c - a potion of haste {@q3}
 h - a potion of heal wounds {@q2}
 j - 4 potions of brilliance
 n - 3 potions of resistance
 q - 5 potions of might
 r - 13 potions of curing {@q1}
 s - 5 potions of agility
 v - 7 potions of mutation {!q}
 H - 10 potions of flight
 K - 4 potions of magic
 O - 2 potions of invisibility
 P - a potion of cancellation
 Z - 2 potions of berserk rage {!q}
Miscellaneous
 b - a fan of gales
 w - 2 boxes of beasts
 z - a lamp of fire
 I - a lightning rod (4/4)
 J - 3 sacks of spiders
 Q - a phial of floods
 S - a phantom mirror
Comestibles
 f - 78 rations

Dungeon Overview and Level Annotations

Branches:
Dungeon (15/15)            Temple (1/1) D:6            Lair (6/6) D:10
 Shoals (4/4) Lair:2        Snake (4/4) Lair:2        Slime (0/5) Lair:5
    Orc (2/2) D:9             Elf (1/3) Orc:2        Vaults (5/5) D:13
  Crypt (0/3) Vaults:2     Depths (5/5) D:15            Zot (5/5) Depths:5

Altars:
Ashenzari
Cheibriados
Dithmenos
Elyvilon
Fedhas
Gozag
Hepliaklqana
Kikubaaqudgha
Makhleb
Nemelex Xobeh
Okawaru
Qazlal
Ru
Sif Muna
Trog
Uskayaw
Vehumet
Wu Jian
Yredelemnul
Zin
The Shining One
Beogh
Jiyva

Shops:
D:6 %   D:7 [   D:12 *   Orc:2 :[(*   Shoals:3 (   Snake:1 [*??   Vaults:3 %
Vaults:5 !!%?   Depths:1 (*(   Depths:2 =}}

Portals:
Hell: Depths:1 Depths:2 Depths:3 Depths:4 Depths:5
Abyss: Depths:3
Pandemonium: Depths:3
Ziggurat: Depths:4
Trove: Vaults:3 (give 7 potions of agility)

#.# ##'## #.#.## ##.# #
#.# ############..# #.#
#.#####..###...###.##
##.# #........≈P##.##≈≈##
##.##
#######..≈≈♣#.#P≈≈.###.##
#..≈≈≈≈≈≈≈≈≈....##
#..≈≈♣#'#♣≈≈...##
#..P♣##.##♣♣#..#
#).###..@# #...#
########## ##.##
#..######.# #.........#
#.######### #.# #.#
######## #####.###......#
##### #.........####.# #


There were no monsters in sight!


Message History

The Orb Guardian is severely wounded.
You block the Orb Guardian's attack.
You can now pass through a line of other dancers.
Firing (i - inventory)
d - 1015 arrows (quivered)
Press: ? - help, Shift-Dir - straight line, f/p - Orb Guardian
Aim: an Orb Guardian (severely wounded)
You shoot an arrow. The arrow hits the Orb Guardian!
The Orb Guardian is almost dead.
The Orb Guardian hits you but does no damage.
Firing (i - inventory)
d - 1014 arrows (quivered)
Press: ? - help, Shift-Dir - straight line, f/p - Orb Guardian
Aim: an Orb Guardian (almost dead)
You shoot an arrow. The arrow hits the Orb Guardian!
The Orb Guardian is almost dead.
The Orb Guardian hits you but does no damage.
Firing (i - inventory)
d - 1013 arrows (quivered)
Press: ? - help, Shift-Dir - straight line, f/p - Orb Guardian
Aim: an Orb Guardian (almost dead)
You shoot an arrow. The arrow hits the Orb Guardian!!
You kill the Orb Guardian!
No target in view!
You feel yourself speed up.
There is an open door here.
You can no longer pass through a line of other dancers.
HP restored.
You enter the shallow water.
Moving in this stuff is going to be slow.
There is an open door here.
There is a staircase leading out of the dungeon here.
You have escaped!

Skill      XL: |  1  2  3  4  5  6  7  8  9 10 11 12 13 14 15 16 17 18 19 20 21 22 23 24 25 26 27 |
---------------+----------------------------------------------------------------------------------+-----
Short Blades   | 1 2 3 4 5 6 7 8 9 10 11 12 13 14 15 16 17 | 17.7
Long Blades    | 1 2 3 4 5 6 7 8 9 10 11 12 13 14 15 16 17 | 17.7
Axes           | 1 2 3 4 5 6 7 8 9 10 11 12 13 14 15 16 17 | 17.7
Maces & Flails | 1 2 3 4 5 6 7 8 9 10 11 12 13 14 15 16 17 | 17.7
Polearms       | 1 2 3 4 5 6 7 8 9 10 11 12 13 14 15 16 17 | 17.7
Staves         | 1 2 3 4 5 6 7 8 9 10 11 12 13 14 15 16 17 | 17.7
Slings         | 1 2 3 4 5 6 7 8 9 10 11 12 13 14 15 16 17 | 17.7
Crossbows      | 1 2 3 4 5 6 7 8 9 10 11 12 13 14 15 16 17 | 17.7
Throwing       | 1 2 3 4 5 6 7 8 9 10 11 12 13 14 15 16 17 | 17.7
Armour         | 1 2 3 4 5 6 7 8 9 10 11 12 13 14 15 16 17 | 17.7
Shields        | 1 2 3 4 5 6 7 8 9 10 11 12 13 14 15 16 17 | 17.7
Unarmed Combat | 1 2 3 4 5 6 7 8 9 10 11 12 13 14 15 16 17 | 17.7
Spellcasting   | 1 2 3 4 5 6 7 8 9 10 11 12 13 14 15 16 17 | 17.7
Invocations    | 1 2 3 4 5 6 7 8 9 10 11 12 13 14 15 16 17 18 19 | 19.1
Evocations     | 1 2 3 4 5 6 7 8 9 10 11 12 13 14 15 16 17 | 17.7
Conjurations   | 1 2 3 4 5 6 7 8 9 10 11 12 13 14 15 | 15.3
Hexes          | 1 2 3 4 5 6 7 8 9 10 11 12 13 14 15 | 15.3
Charms         | 1 2 3 4 5 6 7 8 9 10 11 12 13 14 15 | 15.3
Summonings     | 1 2 3 4 5 6 7 8 9 10 11 12 13 14 15 | 15.3
Necromancy     | 1 2 3 4 5 6 7 8 9 10 11 12 13 14 15 | 15.3
Translocations | 1 2 3 4 5 6 7 8 9 10 11 12 13 14 15 | 15.3
Transmutations | 1 2 3 4 5 6 7 8 9 10 11 12 13 14 15 | 15.3
Fire Magic     | 1 2 3 4 5 6 7 8 9 10 11 12 13 14 15 | 15.3
Ice Magic      | 1 2 3 4 5 6 7 8 9 10 11 12 13 14 15 | 15.3
Air Magic      | 1 2 3 4 5 6 7 8 9 10 11 12 13 14 15 | 15.3
Earth Magic    | 1 2 3 4 5 6 7 8 9 10 11 12 13 14 15 | 15.3
Poison Magic   | 1 2 3 4 5 6 7 8 9 10 11 12 13 14 15 | 15.3
Fighting       | 5 6 7 8 9 10 11 12 13 14 15 16 17 18 | 18.2
Dodging        | 5 6 7 8 9 10 11 12 13 14 15 16 17 18 | 18.2
Stealth        | 3 4 5 6 7 8 9 10 11 12 13 14 15 16 17 | 17.9
Bows           | 9 10 11 12 13 14 15 16 17 18 19 | 19.1

Action                   |  1- 3 |  4- 6 |  7- 9 | 10-12 | 13-15 | 16-18 | 19-21 | 22-24 | 25-27 || total
-------------------------+-------+-------+-------+-------+-------+-------+-------+-------+-------++-------
Melee: Short sword       |    37 |       |       |       |       |       |       |       |       ||    37
       Bite              |     8 |    20 |    22 |    41 |   119 |    38 |    14 |     1 |       ||   263
       Falchion          |    13 |    63 |       |       |       |       |       |       |       ||    76
       Trident           |       |    73 |     5 |       |       |       |       |       |       ||    78
       War axe           |       |       |   140 |   266 |   614 |   228 |    71 |    14 |       ||  1333
       Punch             |       |       |     2 |     7 |       |    18 |     7 |     1 |       ||    35
       Longbow           |       |       |       |       |       |       |       |       |     1 ||     1
 Fire: Shortbow          |    12 |    75 |    74 |   118 |     4 |       |       |       |       ||   283
       Longbow           |       |       |       |       |       |   737 |  1250 |  1195 |  1520 ||  4702
Throw: Stone             |    58 |   158 |   140 |   313 |   650 |    28 |       |       |       ||  1347
       Tomahawk          |       |       |       |       |    19 |       |       |       |       ||    19
 Cast: Conjure Flame     |       |       |       |     2 |     1 |       |       |       |       ||     3
       Animate Dead      |       |       |       |     6 |    32 |     8 |       |       |       ||    46
       Blink             |       |       |       |       |     2 |     6 |     1 |       |     9 ||    18
       Regeneration      |       |       |       |       |     1 |     2 |     3 |     8 |     8 ||    22
       Song of Slaying   |       |       |       |       |       |     7 |    20 |    17 |    11 ||    55
       Lee's Rapid Decon |       |       |       |       |       |     7 |     8 |     3 |     3 ||    21
       Portal Projectile |       |       |       |       |       |     3 |     4 |     1 |    19 ||    27
       Spectral Weapon   |       |       |       |       |       |     2 |       |       |       ||     2
       Borgnjor's Vile C |       |       |       |       |       |       |    18 |    33 |    25 ||    76
       Invisibility      |       |       |       |       |       |       |     1 |     1 |       ||     2
Invok: Grand Finale      |       |       |       |       |       |     1 |     2 |       |     3 ||     6
Evoke: Wand              |       |       |       |     7 |     9 |     7 |       |     2 |     7 ||    32
       Phial of floods   |       |       |       |       |     3 |     1 |       |       |       ||     4
  Use: Scroll            |     2 |     6 |     9 |     3 |     7 |    14 |    12 |     6 |    20 ||    79
       Potion            |       |       |     1 |     1 |     1 |     5 |     6 |     4 |    14 ||    32
 Stab: Paralysed         |       |       |     2 |    29 |    76 |    60 |    26 |       |       ||   193
       Distracted        |       |       |       |     1 |     8 |     2 |       |       |       ||    11
       Sleeping          |       |       |       |     2 |    12 |     1 |     3 |       |       ||    18
  Eat: Chunk             |     1 |     7 |     4 |    19 |    40 |    18 |    33 |    28 |     9 ||   159
       Ration            |       |       |     2 |       |     1 |     5 |     2 |     1 |    10 ||    21
Armor: Leather armour    |     6 |       |       |       |       |       |       |       |       ||     6
       Scale mail        |     6 |    66 |    36 |       |       |       |       |       |       ||   108
       Chain mail        |       |       |    24 |       |       |       |       |       |       ||    24
       Robe              |       |       |    10 |    29 |       |       |       |       |       ||    39
       Ring mail         |       |       |       |    41 |   109 |   101 |   154 |   119 |    23 ||   547
       Gold dragon scale |       |       |       |       |       |       |       |       |   506 ||   506
Dodge: Dodged            |    31 |    81 |   110 |   178 |   364 |   461 |   443 |   346 |   283 ||  2297
Block: Buckler           |       |       |       |    17 |   207 |    15 |       |       |       ||   239
       Reflection        |       |       |       |       |    22 |    20 |    22 |     7 |     1 ||    72
       Other             |       |       |       |       |       |    57 |    81 |    47 |    80 ||   265
       Rpst.: Falchion   |     1 |    12 |       |       |       |       |       |       |       ||    13

Vault maps used:
D:1:      sevenhm_arrival_forest_fort_small_4, hangedman_feature_mirror,
          st_stairs_11
D:3:      kennysheep_cross_room
D:4:      first_ration, serial_bayou_pond_e
D:5:      serial_undead, serial_undead_a, serial_undead_a, serial_undead_d,
          serial_undead_c
D:6:      temple_fountains, serial_shops, nicolae_shop_statue_plus,
          sigmund_edmund_badplayer
D:7:      nicolae_overflow_hidden_temple, serial_shops, shop, uniq_pikel,
          uniq_duvessa, uniq_joseph
D:8:      gammafunk_cloud_chamber, uniq_erica
D:9:      orc_0_dummy
D:10:     dpeg_lair_monsters, the_bakery
D:11:     grunt_decor_one_mirror
D:12:     serial_shops, shop
D:13:     lightli_vaults_fourway_checkpoint, uniq_nessos, uniq_sonja, uniq_urug
D:15:     grunt_enter_depths_hoard, solitary_fountain, hex_medium
Temple:   kilobyte_greek_temple
Lair:1:   minivault_26, minmay_holes, st_stairs_11, lemuel_fruit_tree,
          grunt_megastairs_2, minmay_lair_oklob_chamber
Lair:2:   shoals_dummy_entry, dummy_snake_entry, serial_bayou_shore_a
Lair:3:   kb_forest_paths
Lair:5:   mu_elephants_graveyard, slime_altar_1, minivault_11,
          grunt_forest_large_clearing_hut, uniq_josephine
Lair:6:   evilmike_catoblepas_cave, grunt_megastairs_5
Shoals:1: ldierk_geyser
Shoals:3: serial_shops, shop, uniq_louise, uniq_polyphemus
Shoals:4: shoals_end_grunt_ice, shoal_ilsuiw, nicolae_shoals_mertower
Snake:1:  minmay_shop_grid_forest, st_stairs_13, grunt_megastairs_4,
          uniq_frances, uniq_aizul, uniq_roxanne
Snake:2:  stair_cage_cross, guppyfry_library_mini
Snake:4:  minmay_snake_end_coiled, basic_altar
Orc:1:    nicolae_orc_accident_1, uniq_maurice, uniq_erolcha
Orc:2:    pubby_orc_utopia
Elf:1:    minmay_elf_arrival_plus, basic_altar, minmay_elf_demonology,
          st_stairs_12, serial_sigils_hangedman_scratch, minivault_27
Vaults:1: ontoclasm_vaults_spin, nicolae_vaults_c_with_doors,
          grunt_vaults_funnel, vaults_room_octagon, v_misc_27,
          hangedman_vaults_nodes, vaults_mumra_minichess
Vaults:2: nicolae_vaults_border_crossing, nicolae_vaults_little_squares_6,
          hangedman_vaults_restitches, minmay_crypt_entry_simple_plaza,
          stair_cage_open, st_hourglassy, v_alt_pattern_5,
          nicolae_vaults_rhombus_6, v_alt_pattern_6,
          ontoclasm_vaults_loading_screen, nicolae_vaults_circle_grid_b,
          nicolae_vaults_shelves_hall, v_misc_22,
          nicolae_vaults_little_squares_3, dpeg_vaults_monster_box,
          ontoclasm_vaults_chip
Vaults:3: nicolae_vaults_network_periphery, ontoclasm_vaults_loading_screen,
          hangedman_vaults_corner, v_misc_15, vaults_dpeg_doors, v_misc_9,
          vaults_room_semicircle, ontoclasm_vaults_decontamination,
          vaults_dpeg_encased_lava, nicolae_vaults_yaktaur_gun_rack,
          enter_trove_0, serial_shops, nicolae_shop_stone, uniq_mara
Vaults:4: nicolae_vaults_diagonal_hallway_7, vaults_standard_mumra_lines,
          nicolae_vaults_little_squares_5, ontoclasm_vaults_idyll,
          grunt_vaults_focal, v_pattern_5, vaults_room_pool,
          hangedman_vaults_snaps, vaults_room_corners, basic_altar,
          uniq_saint_roka, uniq_jorgrun
Vaults:5: serial_shops
Depths:1: pf_hell_entry_tar_river, serial_shops, shop, serial_bayou_crossing,
          minmay_shoptagon
Depths:2: minmay_ambush_box, hell_entry, nicolae_sextant,
          infiniplex_staircase_zigzag_4, minmay_shop_grove, uniq_asterion
Depths:3: minmay_triangles_in_corner, pf_coc_iceberg,
          grunt_pan_entry_in_and_out, hangedman_decor_opposing, abyss_entry,
          infiniplex_staircase_zigzag_1, grunt_megastairs_3,
          serial_bayou_shore_b, serial_bayou_shore_b, uniq_margery
Depths:4: kennysheep_demon_jail, enter_ziggurat_c, hell_entry,
          marbit_kobold_abyss_entry, minmay_misc_feat_roman, uniq_frederick
Depths:5: grunt_zot_entry_gee_three, hell_entry, cheibriados_altar_1,
          serial_bayou_shore_b, uniq_enchantress
Zot:3:    lemuel_firehouse, hangedman_zot_wheel_spokes, nzn_random_ring,
          uniq_tiamat
Zot:5:    grunt_ministairs_1
Abyss:4:  evilmike_abyss_exit_12, evilmike_abyss_exit_mutagenic

Notes
Turn   | Place    | Note
-------+----------+-------------------------------------------
     0 | D:1      | MummyMadness the Gnoll Hunter began the quest for the Orb.
     0 | D:1      | Reached XP level 1. HP: 20/20 MP: 1/1
   296 | D:1      | Reached XP level 2. HP: 26/26 MP: 2/2
   933 | D:1      | Reached XP level 3. HP: 31/31 MP: 3/3
  1170 | D:2      | Reached skill level 1 in Short Blades
  1170 | D:2      | Reached skill level 1 in Long Blades
  1170 | D:2      | Reached skill level 1 in Axes
  1170 | D:2      | Reached skill level 1 in Maces & Flails
  1170 | D:2      | Reached skill level 1 in Polearms
  1170 | D:2      | Reached skill level 1 in Staves
  1170 | D:2      | Reached skill level 1 in Slings
  1170 | D:2      | Reached skill level 1 in Crossbows
  1170 | D:2      | Reached skill level 1 in Throwing
  1170 | D:2      | Reached skill level 1 in Armour
  1170 | D:2      | Reached skill level 1 in Shields
  1170 | D:2      | Reached skill level 1 in Unarmed Combat
  1170 | D:2      | Reached skill level 1 in Spellcasting
  1170 | D:2      | Reached skill level 1 in Invocations
  1170 | D:2      | Reached skill level 1 in Evocations
  1191 | D:2      | Reached XP level 4. HP: 33/38 MP: 5/5
  1380 | D:2      | Reached skill level 1 in Conjurations
  1380 | D:2      | Reached skill level 1 in Hexes
  1380 | D:2      | Reached skill level 1 in Charms
  1380 | D:2      | Reached skill level 1 in Summonings
  1380 | D:2      | Reached skill level 1 in Necromancy
  1380 | D:2      | Reached skill level 1 in Translocations
  1380 | D:2      | Reached skill level 1 in Transmutations
  1380 | D:2      | Reached skill level 1 in Fire Magic
  1380 | D:2      | Reached skill level 1 in Ice Magic
  1380 | D:2      | Reached skill level 1 in Air Magic
  1380 | D:2      | Reached skill level 1 in Earth Magic
  1380 | D:2      | Reached skill level 1 in Poison Magic
  1380 | D:2      | Reached XP level 5. HP: 43/43 MP: 6/6
  2666 | D:3      | Reached XP level 6. HP: 43/50 MP: 8/8
  2724 | D:3      | Reached skill level 2 in Invocations
  2743 | D:3      | Noticed Stone's ghost (amateur OpMo)
  2752 | D:3      | Killed Stone's ghost
  2752 | D:3      | Reached skill level 5 in Fighting
  2752 | D:3      | Reached skill level 5 in Dodging
  2752 | D:3      | Reached skill level 3 in Stealth
  2835 | D:3      | Reached skill level 2 in Short Blades
  2835 | D:3      | Reached skill level 2 in Long Blades
  2835 | D:3      | Reached skill level 2 in Axes
  2835 | D:3      | Reached skill level 2 in Maces & Flails
  2835 | D:3      | Reached skill level 2 in Polearms
  2835 | D:3      | Reached skill level 2 in Staves
  2835 | D:3      | Reached skill level 2 in Slings
  2835 | D:3      | Reached skill level 2 in Crossbows
  2835 | D:3      | Reached skill level 2 in Throwing
  2835 | D:3      | Reached skill level 2 in Armour
  2835 | D:3      | Reached skill level 2 in Shields
  2835 | D:3      | Reached skill level 2 in Unarmed Combat
  2835 | D:3      | Reached skill level 2 in Spellcasting
  2835 | D:3      | Reached skill level 2 in Evocations
  3376 | D:4      | Noticed a phantom
  3405 | D:4      | Killed a phantom
  3405 | D:4      | Reached XP level 7. HP: 54/56 MP: 10/10
  3474 | D:4      | Got a bloodstained war axe
  3476 | D:4      | Identified the +7 war axe of the Beginning {drain, Str+7} (You found it on level 4 of the Dungeon)
  3615 | D:4      | Reached skill level 2 in Conjurations
  3615 | D:4      | Reached skill level 2 in Hexes
  3615 | D:4      | Reached skill level 2 in Charms
  3615 | D:4      | Reached skill level 2 in Summonings
  3615 | D:4      | Reached skill level 2 in Necromancy
  3615 | D:4      | Reached skill level 2 in Translocations
  3615 | D:4      | Reached skill level 2 in Transmutations
  3615 | D:4      | Reached skill level 2 in Fire Magic
  3615 | D:4      | Reached skill level 2 in Ice Magic
  3615 | D:4      | Reached skill level 2 in Air Magic
  3615 | D:4      | Reached skill level 2 in Earth Magic
  3615 | D:4      | Reached skill level 2 in Poison Magic
  3887 | D:5      | Entered Level 5 of the Dungeon
  3918 | D:5      | Reached skill level 9 in Bows
  3920 | D:5      | Reached skill level 3 in Invocations
  4042 | D:5      | Reached XP level 8. HP: 53/63 MP: 12/12
  4047 | D:5      | Reached skill level 3 in Short Blades
  4047 | D:5      | Reached skill level 3 in Long Blades
  4047 | D:5      | Reached skill level 3 in Axes
  4047 | D:5      | Reached skill level 3 in Maces & Flails
  4047 | D:5      | Reached skill level 3 in Polearms
  4047 | D:5      | Reached skill level 3 in Staves
  4047 | D:5      | Reached skill level 3 in Slings
  4047 | D:5      | Reached skill level 3 in Crossbows
  4047 | D:5      | Reached skill level 3 in Throwing
  4047 | D:5      | Reached skill level 3 in Armour
  4047 | D:5      | Reached skill level 3 in Shields
  4047 | D:5      | Reached skill level 3 in Unarmed Combat
  4047 | D:5      | Reached skill level 3 in Spellcasting
  4047 | D:5      | Reached skill level 3 in Evocations
  4247 | D:5      | Noticed runewalsh's ghost (amateur OpIE)
  4611 | D:5      | Killed runewalsh's ghost
  4611 | D:5      | Reached skill level 4 in Stealth
  4739 | D:5      | Got an iridescent whip
  4744 | D:5      | Identified the +5 whip of Disgust {slash, -Tele Dex+6 Stlth+} (You found it on level 5 of the Dungeon)
  5025 | D:6      | Found Wyariek's Food Boutique.
  5103 | D:6      | Found a staircase to the Ecumenical Temple.
  5103 | D:6      | Noticed Asanbosam's ghost (novice GnWz)
  5223 | D:6      | Reached skill level 4 in Invocations
  5237 | D:6      | Learned a level 2 spell: Blink
  5279 | Temple   | Entered the Ecumenical Temple
  5380 | Temple   | Became a worshipper of Uskayaw the Reveler
  5455 | D:6      | Reached skill level 3 in Conjurations
  5455 | D:6      | Reached skill level 3 in Hexes
  5455 | D:6      | Reached skill level 3 in Charms
  5455 | D:6      | Reached skill level 3 in Summonings
  5455 | D:6      | Reached skill level 3 in Necromancy
  5455 | D:6      | Reached skill level 3 in Translocations
  5455 | D:6      | Reached skill level 3 in Transmutations
  5455 | D:6      | Reached skill level 3 in Fire Magic
  5455 | D:6      | Reached skill level 3 in Ice Magic
  5455 | D:6      | Reached skill level 3 in Air Magic
  5455 | D:6      | Reached skill level 3 in Earth Magic
  5455 | D:6      | Reached skill level 3 in Poison Magic
  5455 | D:6      | Reached * piety under Uskayaw
  5505 | D:6      | Reached ** piety under Uskayaw
  5618 | D:6      | Noticed Edmund
  5619 | D:6      | Noticed Sigmund
  5629 | D:6      | Killed Edmund
  5629 | D:6      | Reached skill level 6 in Fighting
  5629 | D:6      | Reached skill level 6 in Dodging
  5629 | D:6      | Reached XP level 9. HP: 57/69 MP: 14/14
  5632 | D:6      | Killed Sigmund
  5632 | D:6      | Reached *** piety under Uskayaw
  6127 | D:7      | Noticed Dowan
  6128 | D:7      | Noticed Duvessa
  6139 | D:7      | Killed Duvessa
  6139 | D:7      | Reached skill level 4 in Short Blades
  6139 | D:7      | Reached skill level 4 in Long Blades
  6139 | D:7      | Reached skill level 4 in Axes
  6139 | D:7      | Reached skill level 4 in Maces & Flails
  6139 | D:7      | Reached skill level 4 in Polearms
  6139 | D:7      | Reached skill level 4 in Staves
  6139 | D:7      | Reached skill level 4 in Slings
  6139 | D:7      | Reached skill level 4 in Crossbows
  6139 | D:7      | Reached skill level 4 in Throwing
  6139 | D:7      | Reached skill level 4 in Armour
  6139 | D:7      | Reached skill level 4 in Shields
  6139 | D:7      | Reached skill level 4 in Unarmed Combat
  6139 | D:7      | Reached skill level 4 in Spellcasting
  6139 | D:7      | Reached skill level 4 in Evocations
  6141 | D:7      | Killed Dowan
  6165 | D:7      | Identified a +1 robe of resistance (You took it off Dowan on level 7 of the Dungeon)
  6209 | D:7      | Learned a level 3 spell: Mephitic Cloud
  6213 | D:7      | Learned a level 3 spell: Conjure Flame
  6226 | D:7      | Found Xasiuk's Armour Emporium.
  6241 | D:7      | Bought a +0 pair of boots for 58 gold pieces
  6241 | D:7      | Bought a +0 helmet for 58 gold pieces
  6275 | D:7      | Reached **** piety under Uskayaw
  6278 | D:7      | Reached ***** piety under Uskayaw
  6473 | D:7      | Noticed Pikel
  6540 | D:7      | Noticed Joseph
  6559 | D:7      | Killed Joseph
  6559 | D:7      | Reached skill level 5 in Stealth
  6787 | D:7      | Reached skill level 5 in Invocations
  6881 | D:7      | Killed Pikel
  6881 | D:7      | Reached XP level 10. HP: 63/77 MP: 15/17
  7241 | D:7      | Got a dull robe
  7262 | D:7      | Identified the +1 robe "Kaott" {Int+6 Dex+3} (You found it on level 7 of the Dungeon)
  7308 | D:6      | Killed Asanbosam's ghost
  7308 | D:6      | Reached skill level 4 in Conjurations
  7308 | D:6      | Reached skill level 4 in Hexes
  7308 | D:6      | Reached skill level 4 in Charms
  7308 | D:6      | Reached skill level 4 in Summonings
  7308 | D:6      | Reached skill level 4 in Necromancy
  7308 | D:6      | Reached skill level 4 in Translocations
  7308 | D:6      | Reached skill level 4 in Transmutations
  7308 | D:6      | Reached skill level 4 in Fire Magic
  7308 | D:6      | Reached skill level 4 in Ice Magic
  7308 | D:6      | Reached skill level 4 in Air Magic
  7308 | D:6      | Reached skill level 4 in Earth Magic
  7308 | D:6      | Reached skill level 4 in Poison Magic
  7424 | D:8      | Reached skill level 5 in Short Blades
  7424 | D:8      | Reached skill level 5 in Long Blades
  7424 | D:8      | Reached skill level 5 in Axes
  7424 | D:8      | Reached skill level 5 in Maces & Flails
  7424 | D:8      | Reached skill level 5 in Polearms
  7424 | D:8      | Reached skill level 5 in Staves
  7424 | D:8      | Reached skill level 5 in Slings
  7424 | D:8      | Reached skill level 5 in Crossbows
  7424 | D:8      | Reached skill level 5 in Throwing
  7424 | D:8      | Reached skill level 5 in Armour
  7424 | D:8      | Reached skill level 5 in Shields
  7424 | D:8      | Reached skill level 5 in Unarmed Combat
  7424 | D:8      | Reached skill level 5 in Spellcasting
  7424 | D:8      | Reached skill level 5 in Evocations
  8052 | D:8      | Found a transporter.
  8063 | D:8      | Noticed Erica
  8071 | D:8      | Killed Erica
  8071 | D:8      | Reached skill level 7 in Fighting
  8071 | D:8      | Reached skill level 10 in Bows
  8071 | D:8      | Reached skill level 7 in Dodging
  8206 | D:8      | Found a transporter.
  8514 | D:9      | Reached skill level 6 in Stealth
  8587 | D:9      | Reached skill level 6 in Invocations
  8757 | D:9      | Noticed a two-headed ogre
  8769 | D:9      | Killed a two-headed ogre
  9042 | D:9      | Found a staircase to the Orcish Mines.
  9258 | D:8      | Reached XP level 11. HP: 84/84 MP: 15/19
  9297 | D:8      | Identified a +1 pair of boots of running (You found it on level 8 of the Dungeon)
  9394 | D:10     | Entered Level 10 of the Dungeon
  9497 | D:10     | Got a smoking ring mail
  9508 | D:10     | Identified the +2 ring mail "Laluat" {*Contam Str+6 Slay+5} (You found it on level 10 of the Dungeon)
  9516 | D:10     | Learned a level 3 spell: Portal Projectile
  9669 | D:10     | Noticed a death yak
  9690 | D:10     | Noticed a death yak
  9690 | D:10     | Noticed a death yak
  9691 | D:10     | Killed a death yak
  9691 | D:10     | Reached skill level 6 in Short Blades
  9691 | D:10     | Reached skill level 6 in Long Blades
  9691 | D:10     | Reached skill level 6 in Axes
  9691 | D:10     | Reached skill level 6 in Maces & Flails
  9691 | D:10     | Reached skill level 6 in Polearms
  9691 | D:10     | Reached skill level 6 in Staves
  9691 | D:10     | Reached skill level 6 in Slings
  9691 | D:10     | Reached skill level 6 in Crossbows
  9691 | D:10     | Reached skill level 6 in Throwing
  9691 | D:10     | Reached skill level 6 in Armour
  9691 | D:10     | Reached skill level 6 in Shields
  9691 | D:10     | Reached skill level 6 in Unarmed Combat
  9691 | D:10     | Reached skill level 6 in Spellcasting
  9691 | D:10     | Reached skill level 6 in Evocations
  9697 | D:10     | Killed a death yak
  9697 | D:10     | Reached skill level 5 in Conjurations
  9697 | D:10     | Reached skill level 5 in Hexes
  9697 | D:10     | Reached skill level 5 in Charms
  9697 | D:10     | Reached skill level 5 in Summonings
  9697 | D:10     | Reached skill level 5 in Necromancy
  9697 | D:10     | Reached skill level 5 in Translocations
  9697 | D:10     | Reached skill level 5 in Transmutations
  9697 | D:10     | Reached skill level 5 in Fire Magic
  9697 | D:10     | Reached skill level 5 in Ice Magic
  9697 | D:10     | Reached skill level 5 in Air Magic
  9697 | D:10     | Reached skill level 5 in Earth Magic
  9697 | D:10     | Reached skill level 5 in Poison Magic
  9699 | D:10     | Killed a death yak
  9855 | D:10     | Found a staircase to the Lair.
 10331 | Lair:1   | Entered Level 1 of the Lair of Beasts
 10342 | Lair:1   | Reached skill level 7 in Invocations
 10394 | Lair:1   | Reached skill level 8 in Fighting
 10394 | Lair:1   | Reached skill level 8 in Dodging
 10402 | Lair:1   | Reached skill level 7 in Stealth
 10558 | Lair:1   | Reached XP level 12. HP: 93/93 MP: 22/22
 11033 | Lair:1   | Reached skill level 7 in Short Blades
 11033 | Lair:1   | Reached skill level 7 in Long Blades
 11033 | Lair:1   | Reached skill level 7 in Axes
 11033 | Lair:1   | Reached skill level 7 in Maces & Flails
 11033 | Lair:1   | Reached skill level 7 in Polearms
 11033 | Lair:1   | Reached skill level 7 in Staves
 11033 | Lair:1   | Reached skill level 7 in Slings
 11033 | Lair:1   | Reached skill level 7 in Crossbows
 11033 | Lair:1   | Reached skill level 7 in Throwing
 11033 | Lair:1   | Reached skill level 7 in Armour
 11033 | Lair:1   | Reached skill level 7 in Shields
 11033 | Lair:1   | Reached skill level 7 in Unarmed Combat
 11033 | Lair:1   | Reached skill level 7 in Spellcasting
 11033 | Lair:1   | Reached skill level 7 in Evocations
 11038 | Lair:1   | Learned a level 3 spell: Regeneration
 11582 | Lair:2   | Reached skill level 11 in Bows
 11709 | Lair:2   | Found a staircase to the Snake Pit.
 11710 | Lair:2   | Found a staircase to the Shoals.
 11734 | Lair:2   | Reached skill level 6 in Conjurations
 11734 | Lair:2   | Reached skill level 6 in Hexes
 11734 | Lair:2   | Reached skill level 6 in Charms
 11734 | Lair:2   | Reached skill level 6 in Summonings
 11734 | Lair:2   | Reached skill level 6 in Necromancy
 11734 | Lair:2   | Reached skill level 6 in Translocations
 11734 | Lair:2   | Reached skill level 6 in Transmutations
 11734 | Lair:2   | Reached skill level 6 in Fire Magic
 11734 | Lair:2   | Reached skill level 6 in Ice Magic
 11734 | Lair:2   | Reached skill level 6 in Air Magic
 11734 | Lair:2   | Reached skill level 6 in Earth Magic
 11734 | Lair:2   | Reached skill level 6 in Poison Magic
 12364 | Lair:2   | Learned a level 4 spell: Animate Dead
 12376 | Lair:3   | Reached skill level 8 in Invocations
 12559 | Lair:3   | Noticed a spriggan rider
 12569 | Lair:3   | Killed a spriggan rider
 12586 | Lair:3   | Noticed a spriggan rider
 12593 | Lair:3   | Reached skill level 8 in Stealth
 12599 | Lair:3   | Reached skill level 9 in Fighting
 12599 | Lair:3   | Reached skill level 9 in Dodging
 12680 | Lair:3   | Reached XP level 13. HP: 101/101 MP: 24/24
 13536 | Lair:4   | Reached skill level 8 in Short Blades
 13536 | Lair:4   | Reached skill level 8 in Long Blades
 13536 | Lair:4   | Reached skill level 8 in Axes
 13536 | Lair:4   | Reached skill level 8 in Maces & Flails
 13536 | Lair:4   | Reached skill level 8 in Polearms
 13536 | Lair:4   | Reached skill level 8 in Staves
 13536 | Lair:4   | Reached skill level 8 in Slings
 13536 | Lair:4   | Reached skill level 8 in Crossbows
 13536 | Lair:4   | Reached skill level 8 in Throwing
 13536 | Lair:4   | Reached skill level 8 in Armour
 13536 | Lair:4   | Reached skill level 8 in Shields
 13536 | Lair:4   | Reached skill level 8 in Unarmed Combat
 13536 | Lair:4   | Reached skill level 8 in Spellcasting
 13536 | Lair:4   | Reached skill level 8 in Evocations
 13677 | Lair:4   | Reached ****** piety under Uskayaw
 14082 | Lair:4   | Reached skill level 9 in Invocations
 14395 | Lair:5   | Found a viscous altar of Jiyva.
 14395 | Lair:5   | Found a staircase to the Slime Pits.
 14610 | Lair:5   | Reached skill level 7 in Conjurations
 14610 | Lair:5   | Reached skill level 7 in Hexes
 14610 | Lair:5   | Reached skill level 7 in Charms
 14610 | Lair:5   | Reached skill level 7 in Summonings
 14610 | Lair:5   | Reached skill level 7 in Necromancy
 14610 | Lair:5   | Reached skill level 7 in Translocations
 14610 | Lair:5   | Reached skill level 7 in Transmutations
 14610 | Lair:5   | Reached skill level 7 in Fire Magic
 14610 | Lair:5   | Reached skill level 7 in Ice Magic
 14610 | Lair:5   | Reached skill level 7 in Air Magic
 14610 | Lair:5   | Reached skill level 7 in Earth Magic
 14610 | Lair:5   | Reached skill level 7 in Poison Magic
 14700 | Lair:5   | Noticed Josephine
 14707 | Lair:5   | Killed Josephine
 14769 | Lair:5   | Reached skill level 9 in Stealth
 14832 | Lair:5   | Reached XP level 14. HP: 102/109 MP: 26/26
 14988 | Lair:5   | Noticed a dire elephant
 15001 | Lair:5   | Reached skill level 10 in Fighting
 15001 | Lair:5   | Reached skill level 12 in Bows
 15001 | Lair:5   | Reached skill level 10 in Dodging
 15008 | Lair:5   | Killed a dire elephant
 15015 | Lair:5   | Reached skill level 9 in Short Blades
 15015 | Lair:5   | Reached skill level 9 in Long Blades
 15015 | Lair:5   | Reached skill level 9 in Axes
 15015 | Lair:5   | Reached skill level 9 in Maces & Flails
 15015 | Lair:5   | Reached skill level 9 in Polearms
 15015 | Lair:5   | Reached skill level 9 in Staves
 15015 | Lair:5   | Reached skill level 9 in Slings
 15015 | Lair:5   | Reached skill level 9 in Crossbows
 15015 | Lair:5   | Reached skill level 9 in Throwing
 15015 | Lair:5   | Reached skill level 9 in Armour
 15015 | Lair:5   | Reached skill level 9 in Shields
 15015 | Lair:5   | Reached skill level 9 in Unarmed Combat
 15015 | Lair:5   | Reached skill level 9 in Spellcasting
 15015 | Lair:5   | Reached skill level 9 in Evocations
 15382 | Lair:6   | Entered Level 6 of the Lair of Beasts
 15593 | Lair:6   | Reached skill level 10 in Invocations
 16184 | Lair:6   | Reached skill level 8 in Conjurations
 16184 | Lair:6   | Reached skill level 8 in Hexes
 16184 | Lair:6   | Reached skill level 8 in Charms
 16184 | Lair:6   | Reached skill level 8 in Summonings
 16184 | Lair:6   | Reached skill level 8 in Necromancy
 16184 | Lair:6   | Reached skill level 8 in Translocations
 16184 | Lair:6   | Reached skill level 8 in Transmutations
 16184 | Lair:6   | Reached skill level 8 in Fire Magic
 16184 | Lair:6   | Reached skill level 8 in Ice Magic
 16184 | Lair:6   | Reached skill level 8 in Air Magic
 16184 | Lair:6   | Reached skill level 8 in Earth Magic
 16184 | Lair:6   | Reached skill level 8 in Poison Magic
 16186 | Lair:6   | Reached XP level 15. HP: 101/117 MP: 21/28
 16730 | Lair:6   | Identified a scroll of acquirement
 16732 | Lair:6   | Found the +0 Maxwell's etheric cage {RegenMP+ *Contam rElec MP+4}
 16934 | Orc:1    | Entered Level 1 of the Orcish Mines
 16959 | Orc:1    | Noticed Maurice
 17012 | Orc:1    | Killed Maurice
 17214 | Orc:2    | Entered Level 2 of the Orcish Mines
 17327 | Orc:2    | Reached skill level 10 in Stealth
 17595 | Orc:2    | Found a roughly hewn altar of Beogh.
 17746 | Orc:2    | Found Faomuof's Assorted Antiques.
 17762 | Orc:2    | Found Hing's Antique Weapon Shoppe.
 18324 | Orc:2    | Found a staircase to the Elven Halls.
 18557 | Orc:2    | Found Yptupno's Armour Shop.
 18760 | Orc:2    | Noticed an orc warlord
 18760 | Orc:2    | Found a roughly hewn altar of Beogh.
 18818 | Orc:2    | Reached skill level 10 in Short Blades
 18818 | Orc:2    | Reached skill level 10 in Long Blades
 18818 | Orc:2    | Reached skill level 10 in Axes
 18818 | Orc:2    | Reached skill level 10 in Maces & Flails
 18818 | Orc:2    | Reached skill level 10 in Polearms
 18818 | Orc:2    | Reached skill level 10 in Staves
 18818 | Orc:2    | Reached skill level 10 in Slings
 18818 | Orc:2    | Reached skill level 10 in Crossbows
 18818 | Orc:2    | Reached skill level 10 in Throwing
 18818 | Orc:2    | Reached skill level 10 in Armour
 18818 | Orc:2    | Reached skill level 10 in Shields
 18818 | Orc:2    | Reached skill level 10 in Unarmed Combat
 18818 | Orc:2    | Reached skill level 10 in Spellcasting
 18818 | Orc:2    | Reached skill level 10 in Evocations
 19292 | Orc:2    | Killed an orc warlord
 19417 | Orc:2    | Reached skill level 11 in Fighting
 19417 | Orc:2    | Reached skill level 11 in Dodging
 19465 | Orc:2    | Found Aloedag's Book Shoppe.
 19874 | Orc:2    | Bought a pair of embroidered gloves for 247 gold pieces
 19955 | Orc:2    | Bought a book of Battle for 560 gold pieces
 19960 | Orc:2    | Learned a level 3 spell: Spectral Weapon
 19963 | Orc:2    | Learned a level 2 spell: Song of Slaying
 20019 | Elf:1    | Entered Level 1 of the Elven Halls
 20028 | Elf:1    | Noticed a deep elf sorcerer
 20410 | D:11     | Reached skill level 11 in Invocations
 21328 | D:12     | Found Pynluicw's General Store.
 21336 | D:12     | Bought a scroll of blinking for 90 gold pieces
 21336 | D:12     | Bought a scroll of teleportation for 36 gold pieces
 21336 | D:12     | Bought a scroll of enchant armour for 90 gold pieces
 21336 | D:12     | Bought a potion of heal wounds for 60 gold pieces
 21336 | D:12     | Gained mutation: You have large cloven feet. [potion of mutation]
 21336 | D:12     | Gained mutation: You have an increased reservoir of magic. (+10% MP) [potion of mutation]
 21988 | D:13     | Noticed Urug
 21998 | D:13     | Killed Urug
 22068 | D:13     | Found a gate to the Vaults.
 22071 | D:13     | Noticed Sonja
 22075 | D:13     | Reached XP level 16. HP: 120/125 MP: 33/33
 22076 | D:13     | Reached skill level 13 in Bows
 22082 | D:13     | Killed Sonja
 22503 | D:13     | Noticed Nessos
 22509 | D:13     | Killed Nessos
 22632 | D:13     | Reached skill level 9 in Conjurations
 22632 | D:13     | Reached skill level 9 in Hexes
 22632 | D:13     | Reached skill level 9 in Charms
 22632 | D:13     | Reached skill level 9 in Summonings
 22632 | D:13     | Reached skill level 9 in Necromancy
 22632 | D:13     | Reached skill level 9 in Translocations
 22632 | D:13     | Reached skill level 9 in Transmutations
 22632 | D:13     | Reached skill level 9 in Fire Magic
 22632 | D:13     | Reached skill level 9 in Ice Magic
 22632 | D:13     | Reached skill level 9 in Air Magic
 22632 | D:13     | Reached skill level 9 in Earth Magic
 22632 | D:13     | Reached skill level 9 in Poison Magic
 23177 | D:14     | Learned a level 5 spell: Lee's Rapid Deconstruction
 23736 | D:15     | Entered Level 15 of the Dungeon
 23760 | D:15     | Reached skill level 11 in Stealth
 24636 | D:15     | Found a staircase to the Depths.
 25088 | Snake:1  | Entered Level 1 of the Snake Pit
 25110 | Snake:1  | Noticed Aizul
 25124 | Snake:1  | Killed Aizul
 25126 | Snake:1  | HP: 12/127 [poisoned by Aizul (poison arrow)]
 25559 | Snake:1  | Reached skill level 11 in Short Blades
 25559 | Snake:1  | Reached skill level 11 in Long Blades
 25559 | Snake:1  | Reached skill level 11 in Axes
 25559 | Snake:1  | Reached skill level 11 in Maces & Flails
 25559 | Snake:1  | Reached skill level 11 in Polearms
 25559 | Snake:1  | Reached skill level 11 in Staves
 25559 | Snake:1  | Reached skill level 11 in Slings
 25559 | Snake:1  | Reached skill level 11 in Crossbows
 25559 | Snake:1  | Reached skill level 11 in Throwing
 25559 | Snake:1  | Reached skill level 11 in Armour
 25559 | Snake:1  | Reached skill level 11 in Shields
 25559 | Snake:1  | Reached skill level 11 in Unarmed Combat
 25559 | Snake:1  | Reached skill level 11 in Spellcasting
 25559 | Snake:1  | Reached skill level 11 in Evocations
 25880 | Snake:1  | Found Viosmeag's Magic Scroll Shop.
 25881 | Snake:1  | Found Binlius's Magic Scroll Shop.
 25884 | Snake:1  | Found Ymyod's Armour Shop.
 25884 | Snake:1  | Found Biydeic's General Store.
 25884 | Snake:1  | Noticed Execuda's ghost (journeyman MiWr)
 26180 | Snake:1  | Killed Execuda's ghost
 26180 | Snake:1  | Reached XP level 17. HP: 120/133 MP: 35/35
 26248 | Snake:1  | Noticed Frances
 26259 | Snake:1  | Killed Frances
 26259 | Snake:1  | Reached skill level 12 in Invocations
 26301 | Snake:1  | Bought a potion of heal wounds for 70 gold pieces
 26301 | Snake:1  | Bought a potion of magic for 112 gold pieces
 26304 | Snake:1  | Bought a scroll of teleportation for 36 gold pieces
 26304 | Snake:1  | Bought a scroll of teleportation for 36 gold pieces
 26304 | Snake:1  | Bought a scroll of enchant weapon for 90 gold pieces
 26304 | Snake:1  | Bought a scroll of fear for 42 gold pieces
 26304 | Snake:1  | Bought 2 scrolls of fear for 84 gold pieces
 26311 | Snake:1  | Bought a scroll of enchant armour for 97 gold pieces
 26311 | Snake:1  | Bought a scroll of enchant weapon for 97 gold pieces
 26311 | Snake:1  | Bought a scroll of teleportation for 39 gold pieces
 26311 | Snake:1  | Bought a scroll of teleportation for 39 gold pieces
 26311 | Snake:1  | Bought a scroll of teleportation for 39 gold pieces
 26313 | Snake:1  | Bought a scroll of magic mapping for 45 gold pieces
 26313 | Snake:1  | Bought a scroll of magic mapping for 45 gold pieces
 26313 | Snake:1  | Bought a scroll of fog for 26 gold pieces
 26313 | Snake:1  | Bought a scroll of identify for 26 gold pieces
 26372 | Snake:1  | Reached skill level 12 in Fighting
 26372 | Snake:1  | Reached skill level 12 in Dodging
 26459 | Snake:1  | Noticed Roxanne
 27281 | Snake:1  | Killed Roxanne
 27311 | Snake:1  | Identified Roxanne's Collected Works on Shape Shifting (You took it off Roxanne on level 1 of the Snake Pit)
 27409 | Snake:1  | Bought a scroll of identify for 26 gold pieces
 28625 | Snake:3  | Reached skill level 10 in Conjurations
 28625 | Snake:3  | Reached skill level 10 in Hexes
 28625 | Snake:3  | Reached skill level 10 in Charms
 28625 | Snake:3  | Reached skill level 10 in Summonings
 28625 | Snake:3  | Reached skill level 10 in Necromancy
 28625 | Snake:3  | Reached skill level 10 in Translocations
 28625 | Snake:3  | Reached skill level 10 in Transmutations
 28625 | Snake:3  | Reached skill level 10 in Fire Magic
 28625 | Snake:3  | Reached skill level 10 in Ice Magic
 28625 | Snake:3  | Reached skill level 10 in Air Magic
 28625 | Snake:3  | Reached skill level 10 in Earth Magic
 28625 | Snake:3  | Reached skill level 10 in Poison Magic
 28891 | Snake:3  | Reached XP level 18. HP: 112/141 MP: 37/37
 28894 | Snake:3  | Reached skill level 14 in Bows
 29499 | Snake:3  | Reached skill level 12 in Stealth
 30285 | Snake:3  | Learned a level 5 spell: Borgnjor's Vile Clutch
 30286 | Snake:4  | Entered Level 4 of the Snake Pit
 30612 | Snake:4  | Reached skill level 12 in Short Blades
 30612 | Snake:4  | Reached skill level 12 in Long Blades
 30612 | Snake:4  | Reached skill level 12 in Axes
 30612 | Snake:4  | Reached skill level 12 in Maces & Flails
 30612 | Snake:4  | Reached skill level 12 in Polearms
 30612 | Snake:4  | Reached skill level 12 in Staves
 30612 | Snake:4  | Reached skill level 12 in Slings
 30612 | Snake:4  | Reached skill level 12 in Crossbows
 30612 | Snake:4  | Reached skill level 12 in Throwing
 30612 | Snake:4  | Reached skill level 12 in Armour
 30612 | Snake:4  | Reached skill level 12 in Shields
 30612 | Snake:4  | Reached skill level 12 in Unarmed Combat
 30612 | Snake:4  | Reached skill level 12 in Spellcasting
 30612 | Snake:4  | Reached skill level 12 in Evocations
 30674 | Snake:4  | Found an ornate altar of the Wu Jian Council.
 31058 | Snake:4  | Reached skill level 13 in Invocations
 32030 | Snake:4  | HP: 14/142 [poisoned by a nagaraja (poison arrow)]
 32035 | Snake:4  | HP: 10/142 [poisoned by a nagaraja (poison arrow)]
 32041 | Snake:4  | HP: 8/142 [poisoned by a nagaraja (poison arrow)]
 32046 | Snake:4  | HP: 7/142 [poisoned by a nagaraja (poison arrow)]
 32052 | Snake:4  | HP: 6/142 [poisoned by a nagaraja (poison arrow)]
 32060 | Snake:4  | HP: 7/142 [poisoned by a nagaraja (poison arrow)]
 32069 | Snake:4  | HP: 7/142 [poisoned by a nagaraja (poison arrow)]
 32480 | Snake:4  | Reached skill level 13 in Fighting
 32480 | Snake:4  | Reached skill level 13 in Dodging
 32620 | Snake:4  | Got a serpentine rune of Zot
 32848 | Shoals:1 | Entered Level 1 of the Shoals
 33001 | Shoals:1 | Reached XP level 19. HP: 149/149 MP: 38/38
 33546 | Shoals:2 | Got a dazzling halberd
 33548 | Shoals:2 | Identified the +9 halberd of Invincibility {chop, Str+3} (You found it on level 2 of the Shoals)
 34570 | Shoals:3 | Lost mutation: You have large cloven feet. [potion of mutation]
 34570 | Shoals:3 | Gained mutation: Your natural rate of healing is unusually fast. [potion of mutation]
 34570 | Shoals:3 | Gained mutation: You are somewhat resistant to further mutation. [potion of mutation]
 34669 | Shoals:3 | Found Yguesule's Weapon Shoppe.
 34749 | Shoals:3 | Noticed Polyphemus
 34768 | Shoals:3 | Killed Polyphemus
 35058 | Shoals:3 | Noticed Louise
 35078 | Shoals:3 | Killed Louise
 35465 | Shoals:4 | Entered Level 4 of the Shoals
 35614 | Shoals:4 | Noticed Ilsuiw
 35626 | Shoals:4 | Killed Ilsuiw
 35897 | Shoals:4 | Reached skill level 13 in Stealth
 35897 | Shoals:4 | Reached skill level 11 in Conjurations
 35897 | Shoals:4 | Reached skill level 11 in Hexes
 35897 | Shoals:4 | Reached skill level 11 in Charms
 35897 | Shoals:4 | Reached skill level 11 in Summonings
 35897 | Shoals:4 | Reached skill level 11 in Necromancy
 35897 | Shoals:4 | Reached skill level 11 in Translocations
 35897 | Shoals:4 | Reached skill level 11 in Transmutations
 35897 | Shoals:4 | Reached skill level 11 in Fire Magic
 35897 | Shoals:4 | Reached skill level 11 in Ice Magic
 35897 | Shoals:4 | Reached skill level 11 in Air Magic
 35897 | Shoals:4 | Reached skill level 11 in Earth Magic
 35897 | Shoals:4 | Reached skill level 11 in Poison Magic
 36226 | Shoals:4 | Found the +7 great mace "Undeadhunter" {disrupt, rN+}
 36915 | Vaults:1 | Entered Level 1 of the Vaults
 37098 | Vaults:1 | Paralysed by a wizard for 5 turns
 37361 | Vaults:1 | Reached XP level 20. HP: 138/157 MP: 40/40
 37361 | Vaults:1 | Paralysed by a great orb of eyes for 6 turns
 37389 | Vaults:1 | Reached skill level 15 in Bows
 37389 | Vaults:1 | Reached skill level 14 in Invocations
 37391 | Vaults:1 | Reached skill level 13 in Short Blades
 37391 | Vaults:1 | Reached skill level 13 in Long Blades
 37391 | Vaults:1 | Reached skill level 13 in Axes
 37391 | Vaults:1 | Reached skill level 13 in Maces & Flails
 37391 | Vaults:1 | Reached skill level 13 in Polearms
 37391 | Vaults:1 | Reached skill level 13 in Staves
 37391 | Vaults:1 | Reached skill level 13 in Slings
 37391 | Vaults:1 | Reached skill level 13 in Crossbows
 37391 | Vaults:1 | Reached skill level 13 in Throwing
 37391 | Vaults:1 | Reached skill level 13 in Armour
 37391 | Vaults:1 | Reached skill level 13 in Shields
 37391 | Vaults:1 | Reached skill level 13 in Unarmed Combat
 37391 | Vaults:1 | Reached skill level 13 in Spellcasting
 37391 | Vaults:1 | Reached skill level 13 in Evocations
 37413 | Vaults:1 | Upgraded the game from 0.22-a0-322-g60b3cfd402 to 0.22-a0-346-ga7143740d5
 39466 | Vaults:2 | Reached skill level 14 in Fighting
 39466 | Vaults:2 | Reached skill level 14 in Dodging
 39612 | Vaults:2 | Paralysed by something for 6 turns
 39650 | Vaults:2 | Found a staircase to the Crypt.
 39833 | Vaults:1 | HP: 10/159 [acid (8)]
 40452 | Vaults:2 | Identified Tireinloeko's Disquisition on Changing and Toxins
 40630 | Vaults:2 | Reached XP level 21. HP: 144/165 MP: 42/42
 41382 | Vaults:3 | Found Melof's Food Shoppe.
 41470 | Vaults:3 | Found a portal to a secret trove of treasure.
 41581 | Vaults:3 | Noticed Mara
 41594 | Vaults:3 | Noticed MummyMadness's illusion
 41594 | Vaults:3 | Killed Mara
 42687 | Vaults:4 | Reached skill level 14 in Stealth
 42711 | Vaults:4 | Noticed Saint Roka
 42731 | Vaults:4 | Killed Saint Roka
 43199 | Vaults:4 | Reached skill level 15 in Invocations
 43203 | Vaults:4 | Reached skill level 12 in Conjurations
 43203 | Vaults:4 | Reached skill level 12 in Hexes
 43203 | Vaults:4 | Reached skill level 12 in Charms
 43203 | Vaults:4 | Reached skill level 12 in Summonings
 43203 | Vaults:4 | Reached skill level 12 in Necromancy
 43203 | Vaults:4 | Reached skill level 12 in Translocations
 43203 | Vaults:4 | Reached skill level 12 in Transmutations
 43203 | Vaults:4 | Reached skill level 12 in Fire Magic
 43203 | Vaults:4 | Reached skill level 12 in Ice Magic
 43203 | Vaults:4 | Reached skill level 12 in Air Magic
 43203 | Vaults:4 | Reached skill level 12 in Earth Magic
 43203 | Vaults:4 | Reached skill level 12 in Poison Magic
 43539 | Vaults:4 | Noticed Jorgrun
 43558 | Vaults:4 | Killed Jorgrun
 43558 | Vaults:4 | Reached skill level 14 in Short Blades
 43558 | Vaults:4 | Reached skill level 14 in Long Blades
 43558 | Vaults:4 | Reached skill level 14 in Axes
 43558 | Vaults:4 | Reached skill level 14 in Maces & Flails
 43558 | Vaults:4 | Reached skill level 14 in Polearms
 43558 | Vaults:4 | Reached skill level 14 in Staves
 43558 | Vaults:4 | Reached skill level 14 in Slings
 43558 | Vaults:4 | Reached skill level 14 in Crossbows
 43558 | Vaults:4 | Reached skill level 14 in Throwing
 43558 | Vaults:4 | Reached skill level 14 in Armour
 43558 | Vaults:4 | Reached skill level 14 in Shields
 43558 | Vaults:4 | Reached skill level 14 in Unarmed Combat
 43558 | Vaults:4 | Reached skill level 14 in Spellcasting
 43558 | Vaults:4 | Reached skill level 14 in Evocations
 43656 | Vaults:4 | Found a white marble altar of Elyvilon.
 43859 | Vaults:4 | You are cast into the Abyss!
 43859 | Vaults:4 | Cast into level 4 of the Abyss (a lich)
 43885 | Vaults:4 | You pass through the gate.
 43885 | Vaults:4 | Escaped the Abyss
 44534 | Depths:1 | Entered Level 1 of the Depths
 44626 | D:15     | Learned a level 6 spell: Invisibility
 44843 | Depths:1 | Found a gateway to Hell.
 44855 | Depths:1 | Found Cieze's Antique Weapon Emporium.
 44915 | Depths:1 | Reached XP level 22. HP: 139/173 MP: 44/44
 45137 | Depths:1 | Reached skill level 16 in Bows
 45189 | Depths:1 | Found Naatiocs's General Store.
 45207 | Depths:1 | Found Goskeigu's Weapon Emporium.
 46231 | Depths:2 | Reached skill level 15 in Fighting
 46231 | Depths:2 | Reached skill level 15 in Dodging
 46327 | Depths:2 | Noticed Asterion
 46337 | Depths:2 | Killed Asterion
 47096 | Depths:2 | Found Xoigy Jogeu's Gadget Emporium.
 47099 | Depths:2 | Found Upapleon's Jewellery Shop.
 47105 | Depths:2 | Found Cize's Gadget Emporium.
 47213 | Depths:2 | Bought a wand of scattershot (7) for 693 gold pieces
 47271 | Depths:3 | You are cast into the Abyss!
 47271 | Depths:3 | Cast into level 2 of the Abyss (a wizard)
 47271 | Abyss:2  | Found a corrupted altar of Lugonu.
 47706 | Abyss:2  | Reached XP level 23. HP: 181/181 MP: 45/45
 47836 | Depths:3 | You pass through the gate.
 47836 | Depths:3 | Escaped the Abyss
 48468 | Depths:3 | Reached skill level 15 in Stealth
 48552 | Depths:3 | Found a one-way gate to the infinite horrors of the Abyss.
 48589 | Depths:3 | Reached skill level 16 in Invocations
 48590 | Depths:3 | Noticed a golden dragon
 48877 | Depths:3 | Killed a golden dragon
 49353 | Depths:3 | Noticed Margery
 49359 | Depths:3 | Reached skill level 15 in Short Blades
 49359 | Depths:3 | Reached skill level 15 in Long Blades
 49359 | Depths:3 | Reached skill level 15 in Axes
 49359 | Depths:3 | Reached skill level 15 in Maces & Flails
 49359 | Depths:3 | Reached skill level 15 in Polearms
 49359 | Depths:3 | Reached skill level 15 in Staves
 49359 | Depths:3 | Reached skill level 15 in Slings
 49359 | Depths:3 | Reached skill level 15 in Crossbows
 49359 | Depths:3 | Reached skill level 15 in Throwing
 49359 | Depths:3 | Reached skill level 15 in Armour
 49359 | Depths:3 | Reached skill level 15 in Shields
 49359 | Depths:3 | Reached skill level 15 in Unarmed Combat
 49359 | Depths:3 | Reached skill level 15 in Spellcasting
 49359 | Depths:3 | Reached skill level 15 in Evocations
 49376 | Depths:3 | Killed Margery
 49907 | Depths:3 | Found a one-way gate leading to the halls of Pandemonium.
 50063 | Depths:3 | Reached skill level 13 in Conjurations
 50063 | Depths:3 | Reached skill level 13 in Hexes
 50063 | Depths:3 | Reached skill level 13 in Charms
 50063 | Depths:3 | Reached skill level 13 in Summonings
 50063 | Depths:3 | Reached skill level 13 in Necromancy
 50063 | Depths:3 | Reached skill level 13 in Translocations
 50063 | Depths:3 | Reached skill level 13 in Transmutations
 50063 | Depths:3 | Reached skill level 13 in Fire Magic
 50063 | Depths:3 | Reached skill level 13 in Ice Magic
 50063 | Depths:3 | Reached skill level 13 in Air Magic
 50063 | Depths:3 | Reached skill level 13 in Earth Magic
 50063 | Depths:3 | Reached skill level 13 in Poison Magic
 50223 | Depths:4 | Noticed Frederick
 50225 | Depths:4 | Noticed a golden dragon
 50269 | Depths:4 | Killed Frederick
 50503 | Depths:4 | Found a gateway to a ziggurat.
 50510 | Depths:4 | Killed a golden dragon
 50854 | Depths:4 | Reached XP level 24. HP: 85/190 MP: 45/46
 51440 | Depths:5 | Entered Level 5 of the Depths
 51861 | Depths:5 | Reached skill level 17 in Bows
 52469 | Depths:5 | Found a gate to the Realm of Zot.
 52520 | Depths:5 | Noticed the Enchantress
 52526 | Depths:5 | Killed the Enchantress
 52526 | Depths:5 | Reached skill level 16 in Fighting
 52526 | Depths:5 | Reached skill level 16 in Dodging
 52640 | Depths:5 | Identified the +2 faerie dragon scales {rCorr Slay+3} (You took it off the Enchantress on level 5 of the Depths)
 52653 | Depths:5 | Found a snail-covered altar of Cheibriados.
 53319 | Vaults:5 | Entered Level 5 of the Vaults
 53430 | Vaults:5 | Noticed an ancient lich
 53440 | Vaults:5 | Killed an ancient lich
 53482 | Vaults:5 | Reached skill level 17 in Invocations
 53542 | Vaults:5 | Reached XP level 25. HP: 146/197 MP: 47/47
 53559 | Vaults:5 | Reached skill level 16 in Stealth
 54086 | Vaults:5 | Reached skill level 16 in Short Blades
 54086 | Vaults:5 | Reached skill level 16 in Long Blades
 54086 | Vaults:5 | Reached skill level 16 in Axes
 54086 | Vaults:5 | Reached skill level 16 in Maces & Flails
 54086 | Vaults:5 | Reached skill level 16 in Polearms
 54086 | Vaults:5 | Reached skill level 16 in Staves
 54086 | Vaults:5 | Reached skill level 16 in Slings
 54086 | Vaults:5 | Reached skill level 16 in Crossbows
 54086 | Vaults:5 | Reached skill level 16 in Throwing
 54086 | Vaults:5 | Reached skill level 16 in Armour
 54086 | Vaults:5 | Reached skill level 16 in Shields
 54086 | Vaults:5 | Reached skill level 16 in Unarmed Combat
 54086 | Vaults:5 | Reached skill level 16 in Spellcasting
 54086 | Vaults:5 | Reached skill level 16 in Evocations
 54311 | Vaults:5 | Found Fosek's Food Shop.
 54476 | Vaults:5 | Got a silver rune of Zot
 54488 | Vaults:5 | Found Ynekas's Magic Scroll Shoppe.
 54597 | Vaults:5 | Found Foebad's Distillery.
 54601 | Vaults:5 | Bought a potion of cancellation for 104 gold pieces
 54601 | Vaults:5 | Bought a potion of mutation for 104 gold pieces
 54601 | Vaults:5 | Bought a potion of cancellation for 104 gold pieces
 54601 | Vaults:5 | Bought a potion of resistance for 130 gold pieces
 54615 | Vaults:5 | Found Evag's Distillery.
 54638 | Vaults:5 | Bought a potion of haste for 170 gold pieces
 54638 | Vaults:5 | Bought a potion of agility for 68 gold pieces
 54638 | Vaults:5 | Bought a potion of agility for 68 gold pieces
 55482 | Vaults:5 | Reached skill level 14 in Conjurations
 55482 | Vaults:5 | Reached skill level 14 in Hexes
 55482 | Vaults:5 | Reached skill level 14 in Charms
 55482 | Vaults:5 | Reached skill level 14 in Summonings
 55482 | Vaults:5 | Reached skill level 14 in Necromancy
 55482 | Vaults:5 | Reached skill level 14 in Translocations
 55482 | Vaults:5 | Reached skill level 14 in Transmutations
 55482 | Vaults:5 | Reached skill level 14 in Fire Magic
 55482 | Vaults:5 | Reached skill level 14 in Ice Magic
 55482 | Vaults:5 | Reached skill level 14 in Air Magic
 55482 | Vaults:5 | Reached skill level 14 in Earth Magic
 55482 | Vaults:5 | Reached skill level 14 in Poison Magic
 55552 | Vaults:5 | Got an ichor-stained triple crossbow
 55553 | Vaults:5 | Identified the +5 triple crossbow "Lufir" {flame, rN++ Dex+4} (You found it on level 5 of the Vaults)
 55882 | Depths:4 | Gained mutation: Potions are less effective at restoring your health. [mutagenic glow]
 55963 | Depths:5 | Gained mutation: You heal very quickly. [mutagenic glow]
 56404 | Shoals:4 | Got a barnacled rune of Zot
 56853 | Zot:1    | Entered Level 1 of the Realm of Zot
 56853 | Zot:1    | Noticed an electric golem
 56871 | Zot:1    | Killed an electric golem
 57881 | Zot:1    | Reached XP level 26. HP: 207/207 MP: 47/47
 58615 | Zot:2    | Reached skill level 18 in Bows
 58653 | Zot:2    | Got a scintillating bronze ring
 58654 | Zot:2    | Identified the ring "Pyseluf" {+Blink rElec rPois MR+} (You found it on level 2 of the Realm of Zot)
 58837 | Zot:2    | Reached skill level 17 in Fighting
 58837 | Zot:2    | Reached skill level 17 in Dodging
 59525 | Zot:3    | Noticed Tiamat
 59551 | Zot:3    | Killed Tiamat
 59573 | Zot:3    | HP: 12/206 [death drake][Tiamat] (11)]
 59577 | Zot:3    | Noticed an orb of fire
 59891 | Zot:4    | Reached skill level 18 in Invocations
 60022 | Zot:4    | Noticed an electric golem
 60032 | Zot:4    | Killed an electric golem
 60057 | Zot:3    | Noticed an ancient lich
 60057 | Zot:3    | Noticed an orb of fire
 60071 | Zot:4    | Killed an ancient lich
 60220 | Zot:4    | Killed an orb of fire
 60305 | Zot:3    | Reached skill level 17 in Stealth
 60420 | Zot:3    | Noticed an orb of fire
 60428 | Zot:3    | Gained mutation: You occasionally shout uncontrollably at your foes. [an orb of fire]
 60431 | Zot:3    | Killed an orb of fire
 60943 | Zot:3    | Reached XP level 27. HP: 215/215 MP: 48/48
 60989 | Zot:3    | Reached skill level 17 in Short Blades
 60989 | Zot:3    | Reached skill level 17 in Long Blades
 60989 | Zot:3    | Reached skill level 17 in Axes
 60989 | Zot:3    | Reached skill level 17 in Maces & Flails
 60989 | Zot:3    | Reached skill level 17 in Polearms
 60989 | Zot:3    | Reached skill level 17 in Staves
 60989 | Zot:3    | Reached skill level 17 in Slings
 60989 | Zot:3    | Reached skill level 17 in Crossbows
 60989 | Zot:3    | Reached skill level 17 in Throwing
 60989 | Zot:3    | Reached skill level 17 in Armour
 60989 | Zot:3    | Reached skill level 17 in Shields
 60989 | Zot:3    | Reached skill level 17 in Unarmed Combat
 60989 | Zot:3    | Reached skill level 17 in Spellcasting
 60989 | Zot:3    | Reached skill level 17 in Evocations
 61096 | Zot:3    | Gained mutation: You are partially covered in icy blue scales. (AC +2) [an orb of fire]
 61118 | Zot:3    | Killed an orb of fire
 62249 | Zot:5    | Entered Level 5 of the Realm of Zot
 62780 | Zot:5    | Noticed an orb of fire
 62793 | Zot:5    | Noticed an orb of fire
 62793 | Zot:5    | Killed an orb of fire
 62800 | Zot:5    | Noticed an electric golem
 62800 | Zot:5    | Killed an orb of fire
 62816 | Zot:5    | Killed an electric golem
 63034 | Zot:5    | Reached skill level 15 in Conjurations
 63034 | Zot:5    | Reached skill level 15 in Hexes
 63034 | Zot:5    | Reached skill level 15 in Charms
 63034 | Zot:5    | Reached skill level 15 in Summonings
 63034 | Zot:5    | Reached skill level 15 in Necromancy
 63034 | Zot:5    | Reached skill level 15 in Translocations
 63034 | Zot:5    | Reached skill level 15 in Transmutations
 63034 | Zot:5    | Reached skill level 15 in Fire Magic
 63034 | Zot:5    | Reached skill level 15 in Ice Magic
 63034 | Zot:5    | Reached skill level 15 in Air Magic
 63034 | Zot:5    | Reached skill level 15 in Earth Magic
 63034 | Zot:5    | Reached skill level 15 in Poison Magic
 63045 | Zot:5    | Noticed an orb of fire
 63049 | Zot:5    | Noticed an electric golem
 63067 | Zot:5    | Gained mutation: You are weak. (Str -2) [an orb of fire]
 63069 | Zot:5    | Killed an orb of fire
 63080 | Zot:5    | Killed an electric golem
 63118 | Zot:5    | Reached skill level 18 in Fighting
 63118 | Zot:5    | Reached skill level 18 in Dodging
 63123 | Zot:5    | Noticed an ancient lich
 63130 | Zot:5    | Killed an ancient lich
 63223 | Zot:5    | Reached skill level 19 in Bows
 63319 | Zot:5    | Noticed an ancient lich
 63319 | Zot:5    | Paralysed by an ancient lich for 2 turns
 63333 | Zot:5    | Killed an ancient lich
 63333 | Zot:5    | Reached skill level 19 in Invocations
 63568 | Zot:5    | Got the Orb of Zot
 64172 | D:6      | Noticed a seraph
 64321 | D:$      | Escaped with the Orb!

Vanquished Creatures
  3 orbs of fire
  Tiamat (Zot:3)
  Mara (Vaults:3)
  4 ancient liches
  Frederick (Depths:4)
  Margery (Depths:3)
  Saint Roka (Vaults:4)
  2 Killer Klowns (Zot:5)
  the Enchantress (Depths:5)
  12 golden dragons
  A profane servitor (Abyss:2)
  A bone dragon (Depths:5)
  4 electric golems
  Jorgrun (Vaults:4)
  A hellephant (Abyss:2)
  10 tentacled monstrosities
  2 liches
  An Ice Fiend (Depths:2)
  Asterion (Depths:2)
  27 Orb Guardians
  6 quicksilver dragons
  3 titans
  6 death cobs
  Frances (Snake:1)
  2 Executioners (Depths:5)
  2 sphinxes
  4 tentacled starspawn (Abyss:2)
  Polyphemus (Shoals:3)
  10 storm dragons
  5 tengu reavers
  Roxanne (Snake:1)
  8 shadow dragons
  2 draconian monks
  Ilsuiw (Shoals:4)
  9 nagarajas (Snake:4)
  7 fire giants
  The ghost of Execuda the Warrior, a journeyman MiWr of Fedhas (Snake:1)
  4 draconian scorchers
  9 frost giants
  Aizul (Snake:1)
  4 draconian knights
  A deep elf sorcerer (Vaults:5)
  Louise (Shoals:3)
  13 vault wardens
  An orc warlord (Orc:2)
  4 draconian annihilators
  5 ghost moths
  A balrug (D:5)
  4 draconian stormcallers
  8 draconian shifters
  22 stone giants
  A reaper (Depths:5)
  A deep elf elementalist (Depths:2)
  4 war gargoyles (Vaults:5)
  10 ironheart preservers
  3 spriggan defenders (Depths:5)
  39 very ugly things
  10 green draconians
  2 vampire knights
  Nessos (D:13)
  8 purple draconians
  2 deep elf annihilators (Vaults:5)
  A deep elf demonologist (Vaults:2)
  11 red draconians
  8 yellow draconians
  2 spark wasps (Depths:2)
  6 black draconians
  9 white draconians
  A dire elephant (Lair:5)
  10 ettins
  7 merfolk javelineers
  A green death (Abyss:2)
  13 merfolk impalers
  9 great orbs of eyes
  23 yaktaur captains
  2 deep elf death magi
  7 fire dragons
  3 jiangshi (Depths:2)
  Josephine (Lair:5)
  2 deep elf high priests (Vaults:5)
  30 vault guards
  17 naga warriors
  3 hydras
  4 catoblepae
  6 spriggan air magi
  10 rakshasas
  6 ice dragons
  Erica (D:8)
  3 merfolk avatars
  17 centaur warriors
  6 merfolk aquamancers
  An anaconda (shapeshifter) (Vaults:5)
  A satyr (Shoals:3)
  A dancing weapon (Vaults:5)
  14 death yaks
  2 death knights
  9 anacondas
  11 ogre magi
  7 deep troll shamans
  35 two-headed ogres
  2 death yaks (shapeshifter) (Vaults:5)
  5 tengu warriors
  Urug (D:13)
  4 shock serpents
  7 deep troll earth magi
  2 spriggan berserkers
  5 vampire magi
  6 orc high priests (Orc:2)
  21 naga sharpshooters
  14 hell knights
  A titan zombie (Depths:3)
  3 sun demons
  3 deep elf knights
  Sonja (D:13)
  A shock serpent (shapeshifter) (Vaults:5)
  13 skeletal warriors
  2 spatial maelstroms (Abyss:2)
  A shadow wraith (Vaults:5)
  A salamander mystic (Snake:3)
  3 sixfirhies
  7 sea snakes
  A wretched star (Abyss:2)
  2 torturous demonspawn (Depths:5)
  A spark wasp zombie (Depths:3)
  A golden dragon zombie (Depths:3)
  2 unseen horrors
  16 deep trolls
  2 glowing orange brains
  6 wizards
  A kraken simulacrum (Shoals:4)
  6 deep elf archers
  3 shadow demons
  13 naga ritualists
  7 phantasmal warriors
  A flayed ghost (Vaults:1)
  A lindwurm (shapeshifter) (Vaults:1)
  Pikel (D:7)
  7 necromancers
  17 ironbrand convokers
  A swamp dragon (shapeshifter) (Vaults:5)
  10 orc knights
  9 harpies
  2 orb spiders (shapeshifter)
  6 orc sorcerers (Orc:2)
  9 salamanders
  10 deep elf magi
  5 wolf spiders
  14 mana vipers
  A mana viper (shapeshifter) (Depths:1)
  A wolf spider (shapeshifter) (Vaults:5)
  An oklob plant (Lair:1)
  A stone giant zombie (Vaults:3)
  A fire giant zombie (Vaults:3)
  54 ugly things
  7 cyclopes
  22 manticores
  10 fauns
  A shining eye (Depths:4)
  An elephant (shapeshifter) (Depths:4)
  24 moths of wrath
  24 elephants
  Joseph (D:7)
  7 merfolk sirens
  A frost giant skeleton (Depths:3)
  22 naga magi
  Maurice (Orc:1)
  2 rust devils
  16 vault sentinels
  3 water nymphs
  50 black mambas
  3 smoke demons
  10 spiny frogs
  4 guardian serpents
  4 orange demons
  A torpor snail (Lair:5)
  The ghost of Asanbosam the Magician, a novice GnWz of Cheibriados (D:6)
  2 rime drakes
  5 spectral swamp worms
  A tormentor (Depths:4)
  An efreet (Zot:3)
  7 komodo dragons
  A rime drake (shapeshifter) (Vaults:1)
  A redback zombie (D:15)
  A yaktaur skeleton (Vaults:3)
  2 ice devils
  3 hellwings (Depths:5)
  6 freezing wraiths
  55 yaktaurs
  An ancient zyme (Abyss:2)
  4 tengu conjurers (Depths:2)
  2 red devils
  10 trolls
  7 hornets
  2 wind drakes (shapeshifter)
  2 wind drakes
  A shadow dragon simulacrum (Depths:3)
  15 blink frogs
  A jumping spider (shapeshifter) (Depths:1)
  4 raiju (Abyss:2)
  A blink frog (shapeshifter) (Vaults:3)
  30 slime creatures
  5 snapping turtles
  A stone giant simulacrum (Vaults:1)
  28 merfolk
  4 dream sheep (Shoals:3)
  19 hippogriffs
  The ghost of runewalsh the Chiller, an amateur OpIE (D:5)
  2 centaur simulacra
  A spriggan (shapeshifter) (Vaults:2)
  Sigmund (D:6)
  70 yaks
  13 water elementals
  3 vampires
  17 spriggans
  2 shadows
  4 ynoxinuls
  A human (shapeshifter) (Depths:5)
  9 wraiths
  23 fire elementals
  4 wyverns
  3 basilisks
  A chaos spawn (Abyss:2)
  2 neqoxecs
  8 spatial vortices (Abyss:2)
  5 vampire mosquitoes
  4 wargs
  Edmund (D:6)
  9 large abominations
  67 nagas
  8 water moccasins
  2 floating eyes (shapeshifter)
  3 acid dragons
  A floating eye (Depths:4)
  4 hell hounds (Zot:5)
  13 porcupines
  9 ice beasts
  Duvessa (D:7)
  A meliai simulacrum (D:8)
  45 orc warriors
  An eye of draining (shapeshifter) (Vaults:1)
  An eye of draining (D:15)
  4 slaves (D:7)
  3 phantoms
  11 wolves
  5 sky beasts
  A necrophage (D:13)
  11 boggarts
  A tengu (shapeshifter) (Vaults:5)
  27 ogres
  27 centaurs
  The ghost of Stone the Sneak, an amateur OpMo (D:3)
  9 crocodiles
  4 big kobolds
  2 human zombies (Vaults:3)
  A gnoll sergeant (D:11)
  A wyvern zombie (D:9)
  15 bullfrogs
  Dowan (D:7)
  4 small abominations (Abyss:2)
  7 scorpions
  An electric eel (Lair:2)
  A howler monkey (shapeshifter) (Vaults:4)
  8 wights
  A troll skeleton (Abyss:2)
  2 howler monkeys (D:10)
  10 crimson imps
  5 bullfrog zombies
  3 quasits
  35 orc priests
  2 centaur zombies (D:5)
  3 hounds
  2 jellies
  A bullfrog skeleton (D:5)
  An iron imp (Depths:3)
  6 centaur skeletons
  9 iguanas
  17 orc wizards
  3 hell rats (D:10)
  4 worker ants
  A killer bee zombie (D:5)
  A hound zombie (D:5)
  3 hound skeletons
  A howler monkey zombie (D:11)
  2 worker ant zombies (D:5)
  6 gnolls
  12 adders
  A shadow imp (D:8)
  An ufetubus (Abyss:2)
  An adder zombie (D:8)
  7 worms
  A dart slug (D:3)
  7 leopard geckos
  124 orcs
  5 giant cockroaches
  4 hobgoblins
  29 kobolds
  5 quokkas
  A ball python (D:4)
  9 bats
  8 frilled lizards
  6 goblins
  3 leopard gecko zombies
  2 quokka skeletons
  8 rats
  3 fungi (Lair:5)
  4 plants
  2 starspawn tentacles (Abyss:2)
2203 creatures vanquished.

Vanquished Creatures (collateral kills)
  3 orbs of fire (Zot:5)
  A Killer Klown (Zot:5)
  A ghost moth (Zot:5)
  A yellow draconian (Zot:5)
  A vault guard (D:13)
  A hydra (Lair:6)
  2 skeletal warriors (D:13)
  9 elephants
  3 black mambas
  3 spiny frogs (Lair:6)
  A polar bear (Lair:6)
  A hornet (Lair:3)
  4 blink frogs (Lair:6)
  A hippogriff (Lair:6)
  2 spriggans
  A wraith (Lair:5)
  9 yaks
  A wyvern (Lair:3)
  A basilisk (Lair:6)
  3 nagas (Snake:4)
  5 water moccasins
  3 crocodiles
  A crimson imp (D:13)
  A bullfrog skeleton (D:13)
  24 fungi (Lair:5)
  3 plants
86 creatures vanquished.

Vanquished Creatures (others)
  A spriggan defender (Depths:3)
  A stone giant (Depths:5)
  A fire dragon (Depths:5)
  A yaktaur captain (Vaults:1)
  A centaur warrior (D:13)
  A shadow wraith (Depths:3)
  A mana viper (Snake:1)
  2 black mambas
  2 nagas (Snake:4)
  An ogre (Vaults:2)
  2 centaurs
  A small abomination (Abyss:2)
  An orc (Orc:2)
  6 fungi
  5 plants
  3 starspawn tentacles (Abyss:2)
  4 tentacles (Shoals:4)
34 creatures vanquished.

Grand Total: 2323 creatures vanquished
